 Dungeon Crawl Stone Soup version 0.31.0-32-g396128a36d (webtiles) character file.

Game seed: 2369413590472017062

5555 Ijustatesigmund the Epochal (level 10, -9/69 HPs)
             Began as an Octopode Conjurer on Mar 21, 2024.
             Was an Elder of Cheibriados.
             Mangled by a troll (13 damage)
             ... on level 9 of the Dungeon.
             The game lasted 00:27:18 (12948 turns).

Ijustatesigmund the Epochal (Octopode Conjurer)    Turns: 12948, Time: 00:27:20

Health: -9/69      AC:  1    Str: 16    XL:     10   Next: 71%
Magic:  9/28       EV: 13    Int: 34    God:    Cheibriados [****..]
Gold:   251        SH:  0    Dex: 19    Spells: 15/22 levels left

rFire   . . .        s - +4 broad axe (elec)
rCold   . . .        (no shield)
rNeg    + . .        (helmet restricted)
rPois   .            (no amulet)
rElec   .            o - ring of flight
rCorr   .            v - ring of positive energy
SInv    .            y - ring of magical power
Will    ++...        C - ring of willpower
Stlth   +++          E - ring of willpower
HPRegen 0.31/turn    (no ring)
MPRegen 0.21/turn    (no ring)
                     (no ring)

%: no passive effects
@: flying, studying Ranged Weapons, very slow
A: almost no armour, amphibious, 8 rings, camouflage 1, gelatinous body 1,
(nimble swimmer 1), tentacles
a: Renounce Religion, Bend Time, Temporal Distortion, Slouch


You were on level 9 of the Dungeon.
You worshipped Cheibriados.
Cheibriados was greatly pleased with you.
You visited 2 branches of the dungeon, and saw 10 of its levels.
You also visited: Bailey.

You collected 515 gold pieces.
You spent 264 gold pieces at shops.

Inventory:

Hand Weapons
 l - a +6 flail of draining
 s - a +4 broad axe of electrocution (weapon)
Missiles
 f - a throwing net
 h - 4 silver javelins (quivered)
Armour
 n - a +0 tower shield
Jewellery
 o - a ring of flight (left tentacle)
 v - a ring of positive energy (right tentacle)
 x - a ring of ice
 y - a ring of magical power (on tentacle)
 C - a ring of willpower (on tentacle)
 E - a ring of willpower (on tentacle)
Wands
 e - a wand of polymorph (6)
 w - a wand of flame (1)
 I - a wand of mindburst (7)
Scrolls
 b - 2 scrolls of fog
 j - a scroll of teleportation
 k - a scroll of noise
 m - 3 scrolls of amnesia
 z - a scroll of identify
 D - a scroll of immolation
 G - a scroll of poison {unknown}
 H - a scroll of revelation
Potions
 a - 2 potions of magic
 c - 2 potions of haste
 d - a potion of ambrosia
 g - 2 potions of mutation
 i - 6 potions of resistance
 p - 6 potions of curing
 q - a potion of attraction
 t - 4 potions of invisibility
 A - 2 potions of brilliance
 B - a potion of lignification
 F - a potion of heal wounds


   Skills:
 + Level 6.4 Fighting
 + Level 6.7 Axes
 - Level 2.0 Dodging
 - Level 2.6 Stealth
 + Level 6.5 Spellcasting
 + Level 6.7 Conjurations
 + Level 5.8 Translocations
 + Level 7.1 Invocations


You had 15 spell levels left.
You knew the following spells:

 Your Spells              Type           Power      Damage    Failure   Level
a - Magic Dart            Conj           100%       1d8       1%          1
b - Searing Ray           Conj           100%       2d8       1%          2
c - Iskenderun's Mystic   Conj/Tloc      52%        2d11      2%          4

Your spell library contained the following spells:

 Spells                   Type           Power      Damage    Failure   Level
 Apportation              Tloc           100%       N/A       1%          1
 Sting                    Conj/Alch      100%       1d9       1%          1
 Necrotise                Necr           44%        1d6       3%          1
 Slow                     Hex            44%        N/A       3%          1
 Summon Small Mammal      Summ           44%        N/A       3%          1
 Volatile Blastmotes      Fire/Tloc      60%        2d15      3%          3
 Manifold Assault         Tloc           50%        N/A       3%          4
 Mercury Vapours          Alch/Air       22%        N/A       6%          2
 Flame Wave               Conj/Fire      34%        2d10      10%         4
 Fulminant Prism          Conj/Alch      17%        3d11      10%         4
 Confusing Touch          Hex            11%        N/A       12%         3
 Fugue of the Fallen      Necr           11%        N/A       12%         3
 Inner Flame              Hex/Fire       11%        N/A       12%         3
 Ozocubu's Armour         Ice            11%        N/A       12%         3
 Sigil of Binding         Hex            11%        N/A       12%         3
 Vampiric Draining        Necr           11%        2d6       12%         3
 Olgreb's Toxic Radiance  Alch           11%        N/A       36%         4
 Sticky Flame             Fire/Alch      11%        2d5       36%         4


Dungeon Overview and Level Annotations

Branches:
Dungeon (9/15)             Temple (1/1) D:4          Bailey (visited)
   Lair: D:8-11         Orc: D:9-12

Altars:
Ashenzari
Cheibriados
Dithmenos
Elyvilon
Fedhas
Gozag
Hepliaklqana
Kikubaaqudgha
Makhleb
Nemelex Xobeh
Okawaru
Qazlal
Ru
Sif Muna
Trog
Uskayaw
Vehumet
Wu Jian
Xom
Yredelemnul
Zin
The Shining One

Shops:
D:2 (   D:5 ?   D:6 (

Annotations:
D:9 Amaemon


Innate Abilities, Weirdness & Mutations

You cannot wear most types of armour.
You are amphibious.
You can wear up to eight rings at the same time.
Your skin changes colour to match your surroundings (Stealth+).
Your rubbery body absorbs attacks. (AC +1, EV +1)
((You are camouflaged when in or above water. (Stealth+)))
You have tentacles for arms and can constrict up to eight enemies at once.


Message History

The wight is heavily damaged.
You destroy the wight!
Cheibriados appreciates the change of pace.
The orc priest shouts!
Casting: Iskenderun's Mystic Blast (dangerous; 3% risk of failure)
Confirm with . or Enter, or press ? or * to list all spells.
You erupt in a blast of force!
The mystic blast hits the troll.
The troll is heavily wounded.
The troll is knocked back by the mystic blast.
The mystic blast hits the wight.
The wight is severely damaged.
The wight is knocked back by the mystic blast.
The orc priest looks satisfied for a moment.
Casting: Iskenderun's Mystic Blast (dangerous; 3% risk of failure)
Confirm with . or Enter, or press ? or * to list all spells.
You erupt in a blast of force!
The mystic blast hits the bullfrog!
The bullfrog is almost dead.
The bullfrog is knocked back by the mystic blast.
Okay, then.
You feel much better.
Casting: Iskenderun's Mystic Blast (dangerous; 3% risk of failure)
Confirm with . or Enter, or press ? or * to list all spells.
You erupt in a blast of force!
The mystic blast hits the wight!
You destroy the wight!
Cheibriados appreciates the change of pace.
The mystic blast hits the bullfrog!
You kill the bullfrog!
Cheibriados thoroughly appreciates the change of pace.
You can now inflict damage on those overly hasty.
Cheibriados raises the support of your attributes as your movement slows.
The mystic blast hits the troll!
The troll is severely wounded.
The troll is knocked back by the mystic blast.
The orc priest mumbles some strange prayers to Beogh against you.
Beogh smites you!
* * * LOW HITPOINT WARNING * * *
The troll bites you!
* * * LOW HITPOINT WARNING * * *
The troll barely misses you. The troll claws you!
You die...

####### .......#####
.........z.#
#?#.##.###.# #
.z.....##.#######.##...
..........z$..@.o.....
......#.#.####T<.....#
......###. .z).....#
.....# ####.......#
..... #........ ....
#.......# ... #.......#
#.......#


You could see a troll, 2 wights and an orc priest.

Vanquished Creatures
  2 vault guards (Bailey)
  Prince Ribbit (D:6)
  A blink frog (Bailey)
  A wyvern (D:6)
  3 humans (Bailey)
  3 yaks (D:9)
  Edmund (D:5)
  Duvessa (D:7)
  An orc warrior (Bailey)
  3 black bears
  A centaur (D:7)
  A kobold brigand (D:5)
  A phantom (D:4)
  7 bullfrogs
  A gnoll sergeant (D:9)
  2 scorpions
  Dowan (D:7)
  6 wights
  2 howler monkeys
  2 bombardier beetles
  3 hounds
  5 orc priests
  6 iguanas
  2 sleepcaps
  8 orc wizards
  13 gnolls
  6 adders
  3 white imps
  2 ribbon worms
  A dart slug (D:1)
  30 orcs
  11 ball pythons
  8 endoplasms
  10 goblins
  12 hobgoblins
  6 jackals (D:1)
  3 quokkas
  7 bats
  4 frilled lizards
  11 kobolds
  6 rats
198 creatures vanquished.

Vanquished Creatures (others)
  An orc wizard (D:5)
1 creature vanquished.

Grand Total: 199 creatures vanquished

Notes
Turn   | Place    | Note
-------+----------+-------------------------------------------
     0 | D:1      | Ijustatesigmund the Octopode Conjurer began the quest for
                  | the Orb.
     0 | D:1      | Reached XP level 1. HP: 11/11 MP: 3/3
   137 | D:1      | Reached XP level 2. HP: 9/18 MP: 3/5
   142 | D:1      | Learned a level 2 spell: Searing Ray
   210 | D:1      | Reached skill level 1 in Fighting
   649 | D:1      | Reached XP level 3. HP: 23/23 MP: 4/6
   975 | D:1      | Found a faded altar of an unknown god.
  1619 | D:2      | Found Bufyalor's Weapon Emporium.
  1859 | D:2      | Reached XP level 4. HP: 29/29 MP: 1/8
  2542 | D:3      | Reached XP level 5. HP: 15/35 MP: 0/9
  3077 | D:3      | Learned a level 4 spell: Iskenderun's Mystic Blast
  3644 | D:4      | Found a radiant altar of Vehumet.
  3657 | D:4      | Noticed a black bear
  3662 | D:4      | Killed a black bear
  3663 | D:4      | Reached skill level 1 in Translocations
  3663 | D:4      | Reached XP level 6. HP: 41/41 MP: 4/11
  3728 | D:4      | Found a staircase to the Ecumenical Temple.
  3739 | Temple   | Entered the Ecumenical Temple
  3764 | Temple   | Became a worshipper of Cheibriados the Contemplative
  4364 | D:4      | Reached skill level 1 in Invocations
  4591 | D:5      | Entered Level 5 of the Dungeon
  4652 | D:5      | Reached XP level 7. HP: 45/45 MP: 9/13
  4758 | D:5      | Reached skill level 2 in Invocations
  5398 | D:5      | Reached * piety under Cheibriados
  5561 | D:5      | Reached skill level 3 in Invocations
  5655 | D:5      | Found Punoophu's Magic Scroll Boutique.
  5805 | D:5      | Reached skill level 5 in Spellcasting
  5971 | D:2      | Bought a +2 broad axe of electrocution for 264 gold pieces
  6161 | D:5      | Noticed Edmund
  6177 | D:5      | Killed Edmund
  6178 | D:5      | Reached skill level 1 in Axes
  6178 | D:5      | Reached XP level 8. HP: 12/51 MP: 14/15
  6986 | D:6      | Found Enank's Weapon Shoppe.
  7013 | D:6      | Reached skill level 4 in Invocations
  7424 | D:6      | Noticed Prince Ribbit
  7452 | D:6      | Killed Prince Ribbit
  7545 | D:6      | Found a burning altar of Makhleb.
  7546 | D:6      | Found an ancient bone altar of Kikubaaqudgha.
  7546 | D:6      | Found a stormy altar of Qazlal.
  7546 | D:6      | Found a bloodstained altar of Trog.
  7546 | D:6      | Found a glowing silver altar of Zin.
  7547 | D:6      | Found a shimmering altar of Xom.
  7547 | D:6      | Found a hide-covered altar of Uskayaw.
  7548 | D:6      | Found a blossoming altar of Fedhas.
  7548 | D:6      | Found a shimmering blue altar of Sif Muna.
  7549 | D:6      | Found a basalt altar of Yredelemnul.
  7550 | D:6      | Found an opulent altar of Gozag.
  7550 | D:6      | Found a sparkling altar of Nemelex Xobeh.
  7551 | D:6      | Found an iron altar of Okawaru.
  8170 | D:6      | Noticed a wyvern
  8179 | D:6      | Killed a wyvern
  8387 | D:7      | Reached skill level 5 in Invocations
  8392 | D:7      | Reached ** piety under Cheibriados
  8659 | D:7      | Reached XP level 9. HP: 59/59 MP: 16/16
  8701 | D:7      | Reached skill level 5 in Conjurations
  8739 | D:7      | Reached skill level 5 in Axes
  8906 | D:7      | Noticed Duvessa
  8906 | D:7      | Noticed Dowan
  8917 | D:7      | Killed Dowan
  8918 | D:7      | Killed Duvessa
  9822 | D:8      | Reached skill level 5 in Fighting
  9874 | D:8      | Found a flagged portal.
  9881 | Bailey   | Entered a bailey
 10202 | Bailey   | Reached skill level 6 in Invocations
 10491 | Bailey   | Noticed a vault guard
 10658 | Bailey   | Killed a vault guard
 10659 | Bailey   | Reached skill level 5 in Translocations
 10659 | Bailey   | Reached XP level 10. HP: 17/68 MP: 3/19
 10931 | Bailey   | Noticed a vault guard
 10949 | Bailey   | Reached *** piety under Cheibriados
 11016 | Bailey   | Killed a vault guard
 11760 | D:8      | Found a broken altar of Ashenzari.
 12664 | D:9      | Reached skill level 7 in Invocations
 12911 | D:9      | Noticed Amaemon
 12912 | D:9      | Noticed an orange demon
 12947 | D:9      | Reached **** piety under Cheibriados
 12948 | D:9      | Mangled by a troll

Illustrated notes

Levels and vault maps discovered:
D:1:      dpeg_arrival_signposts, layout_loops_ring,
          nicolae_ecumenical_snake_handling
D:2:      layout_basic, serial_shops, nicolae_shop_bloodbath_and_beyond
D:3:      minmay_bubble_buster, layout_basic
D:4:      layout_basic, vehumet_altar_wand_db, minmay_temple_entry_mist,
          dk_rats_in_the_wall
D:5:      layout_rooms, serial_shops, shop_statue, uniq_edmund
D:6:      layout_loops_corners, nicolae_overflows_in_rows, serial_shops, shop,
          uniq_prince_ribbit1
D:7:      layout_loops_ring, chequers_arboretum, kennysheep_cross_bottleneck,
          uniq_duvessa
D:8:      layout_loops_corners, cheibrodos_ashenzari_chains, enter_bailey_4
D:9:      layout_loops_ring, uniq_amaemon
Temple:   nicolae_temple_superstar

Skill      XL: |  1  2  3  4  5  6  7  8  9 10 |
---------------+-------------------------------+-----
Fighting       | 1 2 3 4 5 6 |  6.4
Spellcasting   | 3 4 5 6 |  6.5
Translocations | 1 2 3 5 |  5.8
Invocations    | 1 3 5 6 7 |  7.1
Axes           | 1 4 6 |  6.7
Conjurations   | 6 |  6.7
Dodging        | |  2.0
Stealth        | |  2.6

Action                     |  1- 3 |  4- 6 |  7- 9 | 10-12 || total
---------------------------+-------+-------+-------+-------++-------
  Melee: Unarmed           |    24 |       |       |       ||    24
         Constrict         |     8 |    11 |    23 |     8 ||    50
         Tentacles         |    11 |    12 |    23 |     8 ||    54
         Punch             |     2 |       |     4 |     3 ||     9
         Short sword       |    13 |       |       |       ||    13
         Flail             |       |     3 |       |       ||     3
         Spear             |       |    50 |    26 |       ||    76
         Broad axe         |       |       |    79 |    43 ||   122
  Throw: Javelin           |       |     4 |     3 |     4 ||    11
   Cast: Magic Dart        |    47 |    65 |    51 |    16 ||   179
         Searing Ray       |     2 |     7 |    16 |     6 ||    31
         Iskenderun's Myst |       |     1 |    20 |    17 ||    38
  Evoke: Wand              |       |       |     3 |     8 ||    11
    Use: Scroll            |     5 |     5 |    13 |     6 ||    29
         Potion            |       |       |     5 |     3 ||     8
   Stab: Sleeping          |     2 |     1 |     3 |       ||     6
         Distracted        |       |       |       |     1 ||     1
 Armour: Skin              |    21 |    28 |   126 |    42 ||   217
  Dodge: Dodged            |    44 |    20 |    88 |    31 ||   183
